[Event "44th Chess Olympiad Open 2022"]
[Site "Chennai"]
[Date "2022.08.06"]
[Round "8.64"]
[White "Pace, Colin"]
[Black "Alegre, Fabio Costa"]
[Result "0-1"]
[WhiteElo "2159"]
[BlackElo "1809"]
[Annotator "NA RC"]
[PlyCount "70"]
[EventDate "2022.??.??"]
[TimeControl "60"]

1. e4 c5 2. Nf3 g6 3. d4 cxd4 4. Nxd4 Bg7 5. Nc3 Nc6 6. Nb3 Nf6 7. Be2 a6 8. O-O O-O 9. Re1 b5 10. Bf1 d6 11. Bg5 Be6 12. a4 bxa4 13.
Rxa4 d5 14. Nc5 Bg4 15. f3 d4 16. Bxf6 exf6 17. Nd5 Be6 18.
Bc4 Qd6 19. b4 Rfb8 20. Nxa6 Bxd5 21. Bxd5 Rb6 22. Qa1 f5 23. Qa2 Ra7 24. Rb1 Be5 25. h3 Bf4 26. Nc5 Rxa4 27. Qxa4 Nxb4 28. Qe8+ Kg7 29. Qxf7+ Kh6 30. Ne6 Nxd5 31. Qg7+ Kh5 32. g4+ Kh4 33. exd5 Be3+ 34. Kf1 Rxb1+ 35. Ke2 Qh2+ 0-1

[Event "44th Chess Olympiad Open 2022"]
[Site "Chennai"]
[Date "2022.08.06"]
[Round "8.64"]
[White "Pereira, Sergio Murilo de Ar"]
[Black "Darmanin, Jake"]
[Result "1/2-1/2"]
[WhiteElo "2093"]
[BlackElo "2101"]
[Annotator "RC"]
[PlyCount "177"]
[EventDate "2022.??.??"]
[TimeControl "60"]

1. e4 e5 2. Nf3 Nc6 3. Bc4 Nf6 4. Ng5 d5 5. exd5 Na5 6.
Bb5+ c6 7. dxc6 bxc6 8. Bd3 Ng4 9. Ne4 f5 10. Be2 h5 11. h3 fxe4 12. hxg4 Bc5 13. b4 O-O 14. bxc5 Qd4 15. O-O Qxa1 16. Nc3 e3 17. gxh5 exf2+ 18. Rxf2 Rxf2 19. Kxf2 Bf5 20. Ba3 Qxd1 21.
Bxd1 Rf8 22. Ke1 Nc4 23. Bc1 e4 24. Be2 Ne5 25. Bb2 Re8 26.
Nd1 Re7 27. Ne3 Bd7 28. Kf2 Kh7 29. d4 exd3 30. cxd3 Be8 31. d4 Rf7+ 32. Ke1 Rb7 33. Bc3 Nd7 34. Bf3 Nf6 35. g4 Rb1+ 36.
Ke2 Kg8 37. Nf5 Kf8 38. Nd6 Nd5 39. Bd2 Rb2 40. a3 Ra2 41.
g5 Rxa3 42. h6 gxh6 43. gxh6 Bd7 44. Ne4 Kg8 45. Ng5 Nf6 46. Bf4 Ra2+ 47. Kf1 Ra1+ 48. Kg2 Be8 49. Be4 Ra2+ 50. Kf1 Ra1+ 51. Kg2 Ra2+ 52. Kh3 Bd7+ 53. Kh4 Re2 54. h7+ Nxh7 55. Bxh7+ Kg7 56. Be5+ Kh6 57. Bd3 Rf2 58. Be4 a5 59. Nf3 a4 60. d5 cxd5 61. Bxd5 Rc2 62. Bf4+ Kg7 63. Be5+ Kh6 64. Bd4 a3 65. Be4 Rc4 66. Bd5 Ra4 67. c6 Bc8 68. Kg3 a2 69. Ba1 Rb4 70. Bc3 Ra4 71.
Ba1 Rb4 72. Nd2 Rb1 73. Nb3 Rd1 74. Bc4 Rd6 75. Na5 Rd1 76.
Nb3 Rd6 77. Bb5 Rd5 78. Ba4 Rd1 79. Kf2 Kg6 80. Ke2 Bg4+ 81.
Ke3 Kf7 82. Bb5 Ke7 83. Bd4 Kd6 84. Bc3 Be6 85. Bb4+ Kc7 86.
Ba5+ Kd6 87. Bb4+ Kc7 88. Ba5+ Kd6 89. Bb4+ 1/2-1/2

[Event "44th Chess Olympiad Open 2022"]
[Site "Chennai"]
[Date "2022.08.06"]
[Round "8.64"]
[White "Espirito Santo, Waldyr"]
[Black "Vella, Duncan"]
[Result "1-0"]
[WhiteElo "1922"]
[BlackElo "1985"]
[Annotator "NA RC"]
[PlyCount "107"]
[EventDate "2022.??.??"]
[TimeControl "60"]

1. e4 c5 2. c3 Nf6 3. e5 Nd5 4. Nf3 Nc6 5. Bc4 Nb6 6. Bb3 d5 7. exd6 Qxd6 8.
d4 cxd4 9. cxd4 Be6 10. O-O Bxb3 11. Qxb3 e6 12. Nc3 Be7 13. Nb5 Qd8 14. Bf4 Nd5 15. Bg3 O-O 16. Nc3 Nxc3 17. bxc3 b6 18. Qa4 Rc8 19. Rac1 Bd6 20. Bxd6 Qxd6 21. Rfe1 Rc7 22. Qb5 Rfc8 23. Qg5 Na5 24. Nd2 h6 25. Qe3 Qa3 26. Ne4 Qxa2 27. g4 Qd5 28. g5 Nc4 29. Qg3 hxg5 30. Nxg5 Qf5 31. h4 Rd7 32. Re4 Nd6 33. Rg4 Ne8 34. Nf3 f6 35. Kg2 Qh5 36. Re1 Re7 37. Re3 a5 38. Ne1 a4 39. Nc2 Qd5+ 40. Kh2 Qh5 41. f3 Rd8 42. Rg6 Kf7 43.
Rg4 Qh6 44. Re2 Nd6 45. Ne3 Ne8 46. f4 Nd6 47. Rg2 Rg8 48.
Qf3 f5 49. R4g3 Qxh4+ 50. Rh3 Qf6 51. Qc6 Ne4 52. Nc4 Ree8 53.
Ne5+ Kf8 54. Nd7+ 1-0

[Event "44th Chess Olympiad Open 2022"]
[Site "Chennai"]
[Date "2022.08.06"]
[Round "8.64"]
[White "Mizzi, Jack"]
[Black "Lima, Osvaldo Dos Santos"]
[Result "1-0"]
[WhiteElo "1913"]
[BlackElo "1863"]
[Annotator "NA RC"]
[PlyCount "65"]
[EventDate "2022.??.??"]
[TimeControl "60"]

1. d4 Nf6 2. c4 g6 3. g3 Bg7 4. Bg2 d6 5. Nf3 O-O 6. O-O Nc6 7. d5 Ne5 8.
Nxe5 dxe5 9. Nc3 Ne8 10. Qb3 Rb8 11. c5 b6 12. c6 Nd6 13. a4 a5 14. Nb5 Ba6 15. Bd2 f5 16. f4 exf4 17. Bxf4 h6 18. Bxd6 exd6 19. e4 Bxb5 20. axb5 Qf6 21. exf5 Qxb2 22. Qxb2 Bxb2 23. Ra4 Rxf5 24. Rxf5 gxf5 25. Bh3 Rf8 26. Rf4 Ra8 27. Ra4 Rf8 28. Rf4 Be5 29. Rxf5 Ra8 30. Rxe5 dxe5 31. d6 Ra7 32. Bc8 Kf8 33. Bb7 1-0

[Event "44th Chess Olympiad Open 2022"]
[Site "Chennai"]
[Date "2022.08.06"]
[Round "8.65"]
[White "Etienne, Angelo"]
[Black "Deng, Yu Dong Michael"]
[Result "0-1"]
[WhiteElo "2036"]
[BlackElo "2028"]
[Annotator "NA RC"]
[PlyCount "136"]
[EventDate "2022.??.??"]
[TimeControl "60"]

1. Nf3 d5 2. c4 Nf6 3. e3 e6 4. Be2 c5 5. b3 Be7 6. Bb2 O-O 7. O-O b6 8. d4 Bb7 9. dxc5 Bxc5 10. Nc3 Nbd7 11. cxd5 Nxd5 12. Nxd5 Bxd5 13. b4 Be7 14. a3 a6 15. Qb1 b5 16. Rd1 Bf6 17. Bxf6 Nxf6 18. a4 Ne4 19. Qb2 Qb6 20. Nd4 Nd6 21. axb5 axb5 22. Rxa8 Rxa8 23. Ra1 Rxa1+ 24. Qxa1 e5 25. Bf3 Bxf3 26.
Nxf3 f6 27. Qa8+ Kf7 28. Qd5+ Kf8 29. h4 Nc8 30. h5 Ne7 31.
Qe4 Kg8 32. Nd4 Qd6 33. Nf3 Qd5 34. Qg4 Qc4 35. Qd7 Kf7 36.
Qd6 Qc1+ 37. Kh2 Qc6 38. Qb8 Qc4 39. Qd6 Qc6 40. Qd2 Qc4 41.
Qd6 Qd5 42. Qb8 Qc4 43. Qd6 Qe2 44. Qd7 Qxf2 45. Qxb5 Qxe3 46. Qc4+ Kf8 47. b5 Qf4+ 48. Qxf4 exf4 49. Kh3 Nd5 50. Kg4 Ke7 51. Nd4 g5 52. h6 Ne3+ 53. Kf3 Nc4 54. Ke4 Ne3 55. g3 f5+ 56. Kf3 Nc4 57. Nxf5+ Kf6 58. g4 Ne5+ 59. Ke4 Nxg4 60. b6 Ne5 61. b7 Nd7 62. Kd5 Kxf5 63. Kd6 Nb8 64. Kc7 f3 65. Kxb8 f2 66. Kc8 f1=Q 67. b8=Q Qc4+ 68. Kd7 Qe6+ 0-1

[Event "44th Chess Olympiad Open 2022"]
[Site "Chennai"]
[Date "2022.08.06"]
[Round "8.65"]
[White "Gabriel, Davidson"]
[Black "Kannappan, Thanneermalai"]
[Result "1-0"]
[WhiteElo "1915"]
[BlackElo "1699"]
[Annotator "NA RC"]
[PlyCount "97"]
[EventDate "2022.??.??"]
[TimeControl "60"]

1. d4 Nf6 2. c4 g6 3. Nc3 d5 4. cxd5 Nxd5 5. e4 Nxc3 6. bxc3 Bg7 7. Bc4 c5 8. Ne2 Nc6 9. Be3 O-O 10. O-O Bg4 11. f3 Bd7 12. Qd2 Qa5 13.
Qb2 b5 14. Bd5 e6 15. Bxc6 Bxc6 16. dxc5 Rfd8 17. Nd4 Be8 18.
Bg5 Rdc8 19. Be7 e5 20. Nb3 Qa4 21. Rad1 f6 22. Rf2 Bf7 23. Rfd2 Be6 24. Nc1 Kf7 25. Bd6 Bh6 26. Ne2 Bxd2 27. Rxd2 a5 28. a3 Ra7 29. h4 Rb7 30. Kh2 b4 31. cxb4 axb4 32. axb4 Rxb4 33. Qc1 Rc4 34. Qg1 Qb3 35. Qa1 Ra4 36. Qc1 Ra2 37. Rxa2 Qxa2 38. Qh6 Kg8 39. h5 Bf7 40. Nc3 Qa7 41. hxg6 Bxg6 42. Nd5 Kf7 43. Qh4 Re8 44. Qxf6+ Kg8 45. Bxe5 Rxe5 46. Qxe5 Qa5 47. c6 Qe1 48. Qf6 Bf7 49. c7 1-0

[Event "44th Chess Olympiad Open 2022"]
[Site "Chennai"]
[Date "2022.08.06"]
[Round "8.65"]
[White "Nissinen, Niilo Man"]
[Black "Germinal, Kemly"]
[Result "1-0"]
[WhiteElo "1693"]
[BlackElo "1997"]
[Annotator "NA RC"]
[PlyCount "113"]
[EventDate "2022.??.??"]
[TimeControl "60"]

1. e4 e5 2. Nf3 Nc6 3. d4 exd4 4. Nxd4 Bc5 5. Nb3 Bb6 6.
Nc3 d6 7. Qe2 h6 8. Be3 Nf6 9. O-O-O Qe7 10. f3 Be6 11. h3 Nh5 12. Rg1 Nf4 13. Qd2 Bxe3 14. Qxe3 Qg5 15. Re1 Ng6 16. g3 Qxe3+ 17. Rxe3 O-O-O 18. Nb5 Rhe8 19. N5d4 Nxd4 20. Nxd4 Bd7 21. Kd2 Re7 22. Bg2 Rde8 23. Rge1 Ne5 24. b3 g6 25. c4 a5 26. Ne2 f5 27. Nc3 c6 28. exf5 gxf5 29. f4 Ng6 30. Rxe7 Rxe7 31. Rxe7 Nxe7 32. Bf3 Kd8 33. Ke3 Ke8 34. g4 Kf7 35. g5 hxg5 36. fxg5 Ng6 37. Bh5 f4+ 38. Kf3 Bxh3 39. Ne4 d5 40. cxd5 cxd5 41. Nd6+ Kg7 42. Nxb7 Ne5+ 43. Kxf4 Nd3+ 44. Kg3 Bf5 45. Nxa5 Nc1 46. b4 Nxa2 47. b5 Nc3 48. b6 Ne4+ 49. Kf4 Bc8 50. Bf3 Nxg5 51. Kxg5 Kf7 52. Kf4 Ba6 53. Ke5 d4 54. Kxd4 Ke6 55. Kc5 Kd7 56. Bg4+ Kd8 57. Kd6 1-0

[Event "44th Chess Olympiad Open 2022"]
[Site "Chennai"]
[Date "2022.08.06"]
[Round "8.66"]
[White "Matoewi, Roger"]
[Black "Al Busaidi, Hamood"]
[Result "0-1"]
[WhiteElo "2015"]
[BlackElo "1743"]
[Annotator "NA RC"]
[PlyCount "88"]
[EventDate "2022.??.??"]
[TimeControl "60"]

1. Nf3 c5 2. c4 g6 3. g3 Bg7 4. Bg2 Nc6 5. Nc3 e5 6. d3 h6 7. h4 d6 8. h5 g5 9. Bd2 Bg4 10. Nd5 Nf6 11. Nxf6+ Bxf6 12. Bc3 O-O 13. Qd2 d5 14. Nh2 Be6 15. cxd5 Bxd5 16. Bxd5 Qxd5 17. e4 Qe6 18. Qe2 b5 19. b3 Bg7 20. Ng4 Nd4 21. Bxd4 exd4 22. f3 f5 23. Nf2 c4 24. g4 fxg4 25.
Nxg4 Be5 26. O-O c3 27. Rac1 a5 28. Rc2 Rae8 29. Qg2 Bf4 30.
Re2 Kg7 31. e5 Qf5 32. Re4 Rc8 33. Qc2 Rc6 34. Rxd4 Bxe5 35. Re4 Bf4 36. d4 Rc7 37. Rfe1 Rff7 38. d5 Bd2 39. Rf1 Rce7 40. Nh2 Be3+ 41. Kg2 Rxe4 42. fxe4 Qf2+ 43. Rxf2 Rxf2+ 44. Qxf2 Bxf2 0-1

[Event "44th Chess Olympiad Open 2022"]
[Site "Chennai"]
[Date "2022.08.06"]
[Round "8.66"]
[White "Giasi, Viresh"]
[Black "Salim Mohammed, Salim Al Amri"]
[Result "1/2-1/2"]
[WhiteElo "2006"]
[BlackElo "1917"]
[Annotator "NA RC"]
[PlyCount "125"]
[EventDate "2022.??.??"]
[TimeControl "60"]

1. e4 c5 2. Nf3 Nc6 3. d4 cxd4 4. Nxd4 g6 5. Nxc6 bxc6 6.
Qd4 Nf6 7. e5 Ng8 8. Bc4 Bg7 9. O-O d5 10. Bd3 Qc7 11. f4 e6 12. Be3 h5 13. b4 Nh6 14. Qc5 Bf8 15. Qc3 Nf5 16. Bc5 Bxc5+ 17. Qxc5 Qb6 18. Bxf5 Qxc5+ 19. bxc5 gxf5 20. Nd2 Ba6 21. Rf3 Ke7 22. Rb1 Rhb8 23.
Rxb8 Rxb8 24. Ra3 Be2 25. Rxa7+ Kf8 26. Nb3 Rb4 27. g3 Rc4 28. a4 Bg4 29. a5 Rxc2 30. a6 Bh3 31. Rb7 Rg2+ 32. Kf1 Ra2+ 33. Ke1 Rxa6 34. Rb6 Ra3 35. Nd4 Ra1+ 36. Kd2 Ra2+ 37. Kc3 Rxh2 38. Nxc6 Rg2 39. Rb8+ Kg7 40. Ne7 Rxg3+ 41. Kd4 Rf3 42. c6 Rxf4+ 43. Kc5 Rc4+ 44. Kd6 f4 45. c7 Rxc7 46. Kxc7 f3 47. Rb2 Bg2 48. Kd6 h4 49. Rb4 Kh6 50. Rxh4+ Kg5 51. Rh7 d4 52. Rg7+ Kh6 53. Rg4 Kh5 54. Rxd4 f2 55. Rf4 f1=Q 56. Rxf1 Bxf1 57. Ng8 Kg6 58. Nf6 Bd3 59. Ng8 Bc4 60. Nf6 Kf5 61. Ng8 Kg6 62. Nf6 Bd3 63. Ne8 1/2-1/2

[Event "44th Chess Olympiad Open 2022"]
[Site "Chennai"]
[Date "2022.08.06"]
[Round "8.66"]
[White "Al Maashani, Amer"]
[Black "Gajadin, Dewperkash"]
[Result "1-0"]
[WhiteElo "1947"]
[BlackElo "1990"]
[Annotator "NA RC"]
[PlyCount "89"]
[EventDate "2022.??.??"]
[TimeControl "60"]

1. d4 Nf6 2. Bg5 e6 3. Nd2 d5 4. e3 h6 5. Bh4 Be7 6. Bd3 O-O 7. Ngf3 Nbd7 8. O-O b6 9. Re1 Bb7 10. e4 dxe4 11. Nxe4 Nxe4 12. Bxe4 Bxe4 13. Rxe4 Bxh4 14. Rxh4 Nf6 15. Qe2 Qd5 16. Ne5 Rad8 17. c4 Qd6 18. Re1 c5 19. dxc5 Qxc5 20. b4 Qd6 21. Rh3 Qd2 22. Kf1 Rd4 23. Rd3 Rxd3 24. Nxd3 Qg5 25. h3 Rd8 26. Qe3 Qf5 27. Ne5 Qc2 28. c5 bxc5 29. bxc5 Rc8 30. c6 a5 31. Qa7 Rf8 32. Qxa5 Nd5 33. Qa3 f6 34. Rc1 Qd2 35. Nf3 Qf4 36. g3 Qf5 37. Kg2 Rc8 38.
Qd6 Rc7 39. Rc5 Ra7 40. Qb8+ Kh7 41. Qxa7 Qb1 42. Rxd5 exd5 43. c7 Qc1 44. Qb8 d4 45. c8=Q 1-0

[Event "44th Chess Olympiad Open 2022"]
[Site "Chennai"]
[Date "2022.08.06"]
[Round "8.66"]
[White "Salim Issa, Ali Shamas"]
[Black "Sanches, Casanova Romario"]
[Result "1/2-1/2"]
[WhiteElo "1851"]
[BlackElo "2066"]
[Annotator "NA RC"]
[PlyCount "102"]
[EventDate "2022.??.??"]
[TimeControl "60"]

1. d4 g6 2. Nf3 Bg7 3. e4 d6 4. Bc4 Nf6 5. Nc3 O-O 6. h3 c6 7. Bg5 h6 8. Be3 b5 9. Bd3 Bb7 10. Qd2 Kh7 11. e5 dxe5 12. dxe5 Nd5 13. Ne4 Nxe3 14. Qxe3 Na6 15. a3 Qb6 16. Qf4 Nc7 17. O-O Ne6 18.
Qh4 Qc7 19. Rfe1 Kg8 20. c3 Rad8 21. Bc2 c5 22. Rac1 Rd7 23.
b4 c4 24. a4 a6 25. axb5 axb5 26. Ra1 Ra8 27. Rxa8+ Bxa8 28. Ra1 Bc6 29. Qg3 Rd5 30. Ra6 Qb7 31. Ra1 Rd8 32. Nfd2 Ra8 33. Rd1 Ra2 34. Bb1 Rb2 35. Nc5 Nxc5 36. bxc5 Qc7 37. f4 Qd7 38. Qe1 Qa7 39. Qe3 e6 40. Be4 Bf8 41. Nf3 Bxc5 42. Rd8+ Kg7 43. Nd4 Bxe4 44. Qxe4 Rd2 45. Kh2 Bxd4 46. cxd4 c3 47. f5 exf5 48. Qc6 Qe7 49. Qc8 Rxg2+ 50. Kxg2 Qg5+ 51. Kf3 Qh5+ 1/2-1/2

[Event "44th Chess Olympiad Open 2022"]
[Site "Chennai"]
[Date "2022.08.06"]
[Round "8.67"]
[White "Aziz, Husain"]
[Black "Martyr, Reginald"]
[Result "1-0"]
[WhiteElo "2380"]
[BlackElo "2194"]
[Annotator "TA"]
[PlyCount "105"]
[EventDate "2022.??.??"]
[TimeControl "60"]

1. e4 e6 2. d4 d5 3. Nd2 c5 4. Ngf3 cxd4 5. exd5 Qxd5 6. Bc4 Qd8 7. O-O Nf6 8. Nb3 Nc6 9. Qe2 Bd6 10. Rd1 Qc7 {[%emt 0:04:00] C07: French Tarrasch: 3...c5, 4 Ngf3 and 4
exd5 Qxd5.} 11. Nbxd4 Nxd4 12. Rxd4 O-O {[%emt 0:16:19] White is slightly better.} 13. Bg5 e5 14. Rh4 {[%emt 0:10:39] Bxf6 is the strong threat.} Bf5 15. Bxf6 gxf6 16. Bd3 Bg6 17. Rc4 Qb6 {[%emt 0:25:46] aiming for ...f5.} 18. b3 $2 {[%emt 0:00:00] [#]} (18. Nh4
$11 {and White has nothing to worry.}) 18... f5 $146 ({
Predecessor:} 18... Rad8 19. Nh4 Rfe8 20. Be4 Bc5 21. Rf1 Rd4 22. Nf5 Rxc4 23.
Qxc4 Rd8 24. Qe2 Qb4 {1-0 (49) Sanal,V (2601)-Artemenko,O (2246) Chess.com INT
2022}) 19. Nxe5 {[%emt 0:16:03] Strongly threatening Nd7.} Rfe8 $2 (19... Rae8 $19 20. Nd7 Qd8 $1 21. Nxf8 Rxe2 22. Bxe2 Qxf8) 20. Nd7 $36 {
[%emt 0:00:24] White has some pressure.} Bxh2+ $1 (20... Qd8
$2 21. Qxe8+ $3 Qxe8 22. Nf6+ Kf8 23. Nxe8 $18) 21. Kh1 Qd6 (21... Rxe2 $2 22. Nxb6 axb6 23. Bxe2
$18) 22. Qf3 Re7 {[%emt 0:01:35] [#]} ({Resist} 
22... Qxd7 23. Kxh2 Rad8 24. a4 $14) (22... Rad8 $1 $11 {keeps the balance.})
23. Rd1 $1 {[%emt 0:00:00] White is more active.} Qxd7 (23...
Rxd7 24. Be2) 24. Kxh2 Qd6+ 25. Qf4 Rd8 26. a4 Kg7 27.
Rh1 (27. Kg3 {feels hotter.} Bh5 28. Qxd6 Rxd6 29. f3) 27...
Qxf4+ 28. Rxf4 Rd5 29. Kg3 (29. g3 {is more complex.} Kf6 30. Kg2 Kg5 31. Rhh4) 29... Rde5 30. Kf3 b6 31. Rhh4 Kf8 32. Rd4 Kg7 33. Rd6 Rc5 34. Rhd4 Rce5 (34... f4 $142) 35. Rd7 Kf6 36. Kf4 Rxd7 (36... Re1 $16 37. R4d6+
R1e6) 37. Rxd7 $16 {[%emt 0:00:03] Endgame KRB-KRB} a5 38.
Rd6+ Re6 39. Rd5 Rc6 40. f3 (40. Bxf5 Rc3 $16) 40... Ke6 41. Re5+ Kd6 {[%emt 0:30:52] [#]} 42. Rb5 $1 ({Weaker is} 42. Bxf5 Bxf5 43. Rxf5 Rxc2 $16) 42... Ke6 43. g3 f6 {[%emt 0:00:00] [#]} 44. c4 $1 ({Not} 44. Bxf5+ Bxf5 45. Rxf5 Rxc2 $14) 44... Rd6 45. Bxf5+ Ke7 46. Be4 Re6 47. g4 {[%emt 0:00:00] Black must now prevent c5.} Bxe4 $2 (47... Be8 {might work better.}) 48. fxe4 $18 {[%emt 0:00:00]
KR-KR} Rc6 49. Rh5 Kd6 50.
Rxh7 {[%emt 0:00:00] Hoping for Kf5.} Kc5 51. Rh5+ Kd4 52. Rd5+ Kc3 53.
Rb5 {[%emt 0:00:00] White used his chance. Weighted Error Value: White=0.33/
Black=0.38} 1-0

[Event "44th Chess Olympiad Open 2022"]
[Site "Chennai"]
[Date "2022.08.06"]
[Round "8.67"]
[White "Sixtus Gabriel"]
[Black "Al-Sulaiti, Ghanem"]
[Result "0-1"]
[WhiteElo "1787"]
[BlackElo "2183"]
[Annotator "NA RC"]
[PlyCount "94"]
[EventDate "2022.??.??"]
[TimeControl "60"]

1. e4 c5 2. Nf3 Nc6 3. d4 cxd4 4. Nxd4 Nf6 5. Nc3 e5 6. Nb3 Bb4 7. Bg5 h6 8. Bxf6 Bxc3+ 9. bxc3 Qxf6 10. Qd3 O-O 11. Be2 Rd8 12. O-O d6 13. Rad1 Be6 14. Qb5 Rd7 15. Bc4 a6 16. Qa4 Bxc4 17. Qxc4 Rc8 18. Rd2 Rdc7 19. Qd5 Ne7 20. Qxd6 Qxd6 21. Rxd6 Rxc3 22. Rfd1 Rxc2 23. Rd8+ Kh7 24. Rxc8 Nxc8 25. Rc1 Rxc1+ 26.
Nxc1 Kg6 27. Nd3 Kf6 28. f3 b6 29. Kf2 a5 30. h4 Ke6 31.
Ke3 Kd6 32. a4 Ne7 33. g3 Nc6 34. f4 f6 35. h5 Nb4 36. Nb2 Kc5 37. f5 b5 38. g4 bxa4 39. Nxa4+ Kb5 40. Nc3+ Kc4 41. Na4 Kb3 42. Nc5+ Kc4 43. Nd7 a4 44. Nxe5+ fxe5 45. g5 hxg5 46. h6 gxh6 47. f6 Nc2+ 0-1

[Event "44th Chess Olympiad Open 2022"]
[Site "Chennai"]
[Date "2022.08.06"]
[Round "8.67"]
[White "Al-Homaid, Abdulla"]
[Black "Mathurin, Nathaniel"]
[Result "0-1"]
[WhiteElo "1358"]
[BlackElo "1722"]
[Annotator "NA RC"]
[PlyCount "64"]
[EventDate "2022.??.??"]
[TimeControl "60"]

1. e4 c5 2. Nf3 d6 3. Bb5+ Nd7 4. c3 Ngf6 5. Qe2 Qc7 6. O-O a6 7. Ba4 b5 8. Bc2 Bb7 9. d4 Rc8 10. d5 g6 11. Bg5 Bg7 12. Nbd2 O-O 13.
Rfe1 Rfe8 14. Nf1 e6 15. dxe6 Rxe6 16. N3d2 d5 17. f3 Nh5 18. Qf2 d4 19. c4 h6 20. Bh4 d3 21. Bxd3 Nf4 22. Be2 Bxb2 23.
Rab1 Bd4 24. Ne3 Qa5 25. Bf1 Qxa2 26. cxb5 Ne5 27. Ndc4 Qxf2+ 28. Bxf2 Nh3+ 29. gxh3 Nxf3+ 30. Kg2 Nxe1+ 31.
Bxe1 Bxe4+ 32. Kf2 Bxb1 0-1

[Event "44th Chess Olympiad Open 2022"]
[Site "Chennai"]
[Date "2022.08.06"]
[Round "8.68"]
[White "Willem Blijstra"]
[Black "Asante Debesai Zerabruk"]
[Result "0-1"]
[WhiteElo "2198"]
[BlackElo "1785"]
[Annotator "RC"]
[PlyCount "90"]
[EventDate "2022.??.??"]
[TimeControl "60"]

1. d4 Nf6 2. c4 e6 3. Nf3 d5 4. Nc3 Be7 5. Bf4 O-O 6. e3 b6 7. cxd5 exd5 8.
Bd3 c6 9. Ne5 Bb7 10. g4 Nbd7 11. g5 Nxe5 12. dxe5 Nd7 13. Qh5 g6 14. Qg4 Nc5 15. Bc2 Ne6 16. O-O-O Bxg5 17. h4 Bxf4 18. exf4 f5 19. Qg3 Rf7 20. Rh2 Rg7 21. Ne2 Qe7 22. Rg1 Ba6 23. Bd3 Bxd3 24. Qxd3 Rd8 25. Kb1 c5 26. h5 Kf7 27. hxg6+ hxg6 28. Qh3 Rdg8 29. Qf3 Qd7 30. Nc3 Nc7 31. Rd1 Rd8 32. Rhh1 Qe6 33. Rd2 Rd7 34. Rhd1 d4 35. Ne2 Nd5 36. Qh3 Nb4 37. b3 Nd5 38. Kb2 a5 39. Qh8 Qe8 40.
Qh1 b5 41. Rc1 Qe7 42. Qf3 b4 43. Qd3 Nc3 44. Qc4+ Qe6 45. Qxc5 Ne4 0-1

[Event "44th Chess Olympiad Open 2022"]
[Site "Chennai"]
[Date "2022.08.06"]
[Round "8.68"]
[White "Samuel Merhawi Gebrehiwet"]
[Black "Ursus van Bemmelen"]
[Result "0-1"]
[WhiteElo "1616"]
[BlackElo "2145"]
[Annotator "NA RC"]
[PlyCount "72"]
[EventDate "2022.??.??"]
[TimeControl "60"]

1. Nf3 Nf6 2. c4 c5 3. Nc3 e6 4. d4 cxd4 5. Nxd4 a6 6. g3 Qc7 7. Qd3 Nc6 8. Nxc6 dxc6 9. Bg2 e5 10. O-O Be6 11. b3 Be7 12. Ne4 Nd7 13.
Ng5 Bxg5 14. Bxg5 f6 15. Bc1 Rd8 16. Qc2 O-O 17. Ba3 Rfe8 18.
Be4 h6 19. Bh7+ Kh8 20. Bg6 Rg8 21. Be7 Ra8 22. c5 Nf8 23.
Bd6 Qc8 24. Bd3 Bh3 25. Rfd1 Ne6 26. e3 Bg4 27. Rf1 Bf3 28.
Bf5 Qe8 29. h4 g5 30. Qc4 Bd5 31. Qa4 Nd4 32. exd4 gxh4 33. g4 Qh5 34. dxe5 Qxf5 35. f3 Bxf3 36. Kh2 Qc2+ 0-1

[Event "44th Chess Olympiad Open 2022"]
[Site "Chennai"]
[Date "2022.08.06"]
[Round "8.69"]
[White "Van den Brink, Peter"]
[Black "Traore, Bakary"]
[Result "0-1"]
[WhiteElo "2167"]
[BlackElo "2181"]
[Annotator "NA RC"]
[PlyCount "71"]
[EventDate "2022.??.??"]
[TimeControl "60"]

1. c4 Nf6 2. g3 g6 3. Bg2 Bg7 4. Nc3 d6 5. e4 c5 6. Nge2 Nc6 7. d3 O-O 8. O-O a6 9. h3 Rb8 10. a4 Nd7 11. Be3 Nd4 12. Rb1 b6 13. b4 Bb7 14. Qd2 e6 15. Na2 Bc6 16. b5 axb5 17. Bxd4 cxd4 18. axb5 Bb7 19. Nb4 Nc5 20. Qc2 Ra8 21. Ra1 Qc7 22. Rfb1 Ra5 23. Rxa5 bxa5 24. Na2 f5 25. f3 fxe4 26. fxe4 Bh6 27. Rf1 Be3+ 28. Kh1 Rxf1+ 29. Bxf1 Qf7 30. Bg2 Qf2 31. Qd1 e5 32. Nac1 Bxc1 33. Nxc1 Qxg3 34. Qd2 a4 35. Bf1 Kg7 36. Bg2 0-1

[Event "44th Chess Olympiad Open 2022"]
[Site "Chennai"]
[Date "2022.08.06"]
[Round "8.69"]
[White "Coulibaly, Abdoulaye"]
[Black "Stetsenko, Ilya"]
[Result "0-1"]
[WhiteElo "1936"]
[BlackElo "1683"]
[Annotator "NA RC"]
[PlyCount "120"]
[EventDate "2022.??.??"]
[TimeControl "60"]

1. e4 c6 2. d4 d5 3. Nc3 dxe4 4. Nxe4 Nd7 5. Nf3 Ngf6 6. Bd3 Nxe4 7. Bxe4 Nf6 8. Qd3 Nxe4 9. Qxe4 Qd5 10. Qf4 Qf5 11. O-O Qxc2 12. Re1 Qf5 13. Qc7 Qd7 14. Qa5 b6 15. Qc3 Bb7 16. Bf4 e6 17. Ne5 Qd5 18. Qg3 g6 19. Ng4 Bg7 20. Be5 Bxe5 21. dxe5 O-O-O 22. h3 c5 23. Nf6 Qd3 24. Re3 Qd2 25. b3 Qb2 26. Rae1 Qxa2 27. Ne4 Bxe4 28. Rxe4 Qc2 29. Ra4 Rd1 30. Rxd1 Qxd1+ 31. Kh2 Kb8 32. Qf4 Qd7 33. Ra2 Rd8 34. g3 Qc7 35. Qa4 Rd5 36. Re2 Qd7 37. Qf4 h5 38. Qh6 Kb7 39. Qe3 Rd1 40. Qf3+ Kb8 41. g4 hxg4 42. hxg4 Qb7 43. Qf6 Qh1+ 44. Kg3 Rg1+ 45. Kf4 Qh6+ 46. g5 Qh4+ 47. Ke3 Qxg5+ 48. Qxg5 Rxg5 49. Kf4 Rf5+ 50. Kg4 Kc7 51. f4 Rh5 52. Ra2 a5 53. Rd2 b5 54. Rd6 Rf5 55. Ra6 c4 56. bxc4 bxc4 57. Rxa5 Kb6 58. Ra8 Kc5 59. Rg8 Kd4 60. Kf3 g5 0-1

[Event "44th Chess Olympiad Open 2022"]
[Site "Chennai"]
[Date "2022.08.06"]
[Round "8.69"]
[White "Pesqueira, Jose"]
[Black "Ndiaye, Amadou"]
[Result "1/2-1/2"]
[WhiteElo "1809"]
[BlackElo "1968"]
[Annotator "NA RC"]
[PlyCount "92"]
[EventDate "2022.??.??"]
[TimeControl "60"]

1. e4 c5 2. Nc3 g6 3. Bc4 Bg7 4. Nf3 Nc6 5. a3 Nf6 6. d3 O-O 7. h3 d6 8. O-O a6 9. Be3 Bd7 10. Qd2 b5 11. Ba2 b4 12. axb4 cxb4 13.
Na4 Rb8 14. Bc4 a5 15. Bh6 Ne5 16. Nxe5 dxe5 17. Bxg7 Kxg7 18. Qe3 Bc6 19. c3 Nh5 20. g3 Qd7 21. Nc5 Qxh3 22. Qg5 bxc3 23. bxc3 Rb2 24. Qh4 Qxh4 25. gxh4 Ra8 26. d4 exd4 27. cxd4 Rc2 28. Bb3 Rb2 29. Ba4 Bxa4 30. Rxa4 Nf4 31. e5 Nd5 32. Nd3 Rb3 33. Nc5 Rb2 34. Nd3 Rd2 35. Nc5 Nc3 36. Nb3 Rd3 37. Nc1 Rd2 38. Ra3 Rc2 39. Nd3 Ne2+ 40. Kg2 Nxd4 41. Rfa1 Nf5 42. Ra4 Rd8 43. Ne1 Rb2 44. Nf3 Ne3+ 45. Kg3 Nf5+ 46. Kg2 Ne3+ 1/2-1/2

[Event "44th Chess Olympiad Open 2022"]
[Site "Chennai"]
[Date "2022.08.06"]
[Round "8.69"]
[White "Diarra, Sirike"]
[Black "Croes, Octavio"]
[Result "0-1"]
[WhiteElo "1641"]
[BlackElo "1794"]
[Annotator "NA RC"]
[PlyCount "124"]
[EventDate "2022.??.??"]
[TimeControl "60"]

1. e4 c5 2. f4 Nc6 3. Nf3 g6 4. Bc4 Bg7 5. O-O d6 6. c3 Nf6 7. d3 O-O 8. h3 e6 9. Bb3 b5 10. Be3 Qe7 11. Nbd2 Bb7 12. Qe1 b4 13. Qf2 a5 14. e5 Nd7 15.
exd6 Qxd6 16. Ne4 Qxd3 17. Nxc5 Nxc5 18. Bxc5 Rfc8 19. Rad1 Qb5 20. c4 Qa6 21. Ne5 Rd8 22. Ba4 Bf8 23. Bb5 Bxc5 24. Qxc5 Qa7 25. Qxa7 Nxa7 26. Rd7 Rxd7 27. Nxd7 Nxb5 28. cxb5 Rc8 29. Rf2 Kg7 30. Kh2 Rc7 31. Rd2 Bd5 32. Nb6 Bxa2 33. Rd6 Rc5 34. Nd7 Rxb5 35. Ne5 Rb7 36. Ra6 Bd5 37. Rxa5 Rc7 38. g4 Rc2+ 39. Kg3 Rxb2 40. Ra7 Ra2 41. Rxf7+ Kg8 42. Rc7 b3 43. Rc8+ Kg7 44. Rc7+ Kg8 45. Rc8+ Kg7 46. Rc7+ Kf8 47. Nd7+ Ke7 48. Ne5+ Kd6 49. Rc1 b2 50. Rb1 Be4 51. Rxb2 Rxb2 52. Nc4+ Kc5 53. Nxb2 Bc2 54. Kf2 Kd4 55. Ke2 Kc3 56. Nd1+ Bxd1+ 57. Kxd1 Kd3 58. Ke1 Ke3 59. f5 exf5 60. gxf5 gxf5 61. Kf1 Kf3 62. h4 Kg4 0-1